 Dungeon Crawl Stone Soup version 0.17.2-1-ge4368a0 (webtiles) character file.

359 Goblin1989 the Skirmisher (level 6, -1/52 HPs)
             Began as a Demonspawn Artificer on Nov 11, 2016.
             Was an Initiate of Okawaru.
             Slain by an ice beast (14 damage)
             ... on level 4 of the Dungeon.
             The game lasted 00:24:31 (6574 turns).

Goblin1989 the Skirmisher (Demonspawn Artificer)    Turns: 6574, Time: 00:24:32

Health: -1/52      AC:  7    Str: 13    XL:     6   Next: 37%
Magic:  8/8        EV:  9    Int: 13    God:    Okawaru [......]
Gold:   136        SH:  0    Dex: 14    Spells: 0 memorised, 5 levels left

rFire  + . .     SeeInvis .     a - +0 flail
rCold  . . .     Clarity  .     k - +1 scale mail
rNeg   . . .     SustAt   .     (no shield)
rPois  .         Gourm    .     (no helmet)
rElec  .         Spirit   .     (no cloak)
rCorr  .         Warding  .     (no gloves)
rMut   .         Stasis   .     (no boots)
MR     .....                    (no amulet)
Stlth  ..........               f - ring of protection from fire
                                l - ring of wizardry

@: not resistant to hostile enchantments, extremely unstealthy
A: talons 1, demonic guardian 1
a: Renounce Religion


You were on level 4 of the Dungeon.
You worshipped Okawaru.
Okawaru was noncommittal.
You were hungry.

You visited 1 branch of the dungeon, and saw 4 of its levels.
You also visited: Sewer.

You collected 136 gold pieces.

Inventory:

Hand Weapons
 a - a +0 flail (weapon)
 w - a +0 blowgun {@w1}
Missiles
 d - 20 poisoned needles
Armour
 k - a +1 scale mail (worn)
Jewellery
 f - a ring of protection from fire (right hand)
 l - a ring of wizardry (left hand)
Wands
 c - a wand of flame (0)
 e - a wand of random effects (0)
 E - a wand of enslavement (13)
Scrolls
 m - 2 scrolls of magic mapping {unknown}
 n - 3 scrolls of amnesia
 p - a scroll of noise {!r}
 u - 4 scrolls of remove curse {unknown}
 T - 2 scrolls of teleportation {!r, @r4}
Potions
 g - 2 potions of heal wounds {unknown}
 h - a potion of lignification {unknown}
 i - 3 potions of might
 j - 3 potions of brilliance {unknown}
 o - a potion of degeneration {unknown}
 q - a potion of flight
 t - a potion of mutation {unknown}
 v - a potion of poison {unknown}
Comestibles
 s - a bread ration {@e1}


   Skills:
 - Level 6.1 Fighting
   Level 0.8 Short Blades
 + Level 1.7 Maces & Flails
 - Level 1.7 Dodging
 - Level 0.8 Stealth
 - Level 3.0 Evocations


You had 5 spell levels left.
You didn't know any spells.

Dungeon Overview and Level Annotations

Branches:
Dungeon (4/15)
 Temple: D:4-7

Altars:
Okawaru
Sif Muna


Innate Abilities, Weirdness & Mutations

You have sharp toenails.
A weak demonic guardian rushes to your aid.


Message History

You sock the ice beast!
The ice beast is almost dead.
The ice beast barely misses you.
The ice beast hits you but does no damage.
You closely miss the ice beast.
You claw the ice beast, but do no damage.
The ice beast is almost dead.
The ice beast hits you but does no damage.
You barely miss the ice beast. Your kick misses the ice beast.
The ice beast is almost dead.
The ice beast hits you. The ice beast freezes you!
* * * LOW HITPOINT WARNING * * *
You take 16 damage, and have 13/52 hp.
MASSIVE DAMAGE!!
You barely miss the ice beast.
You claw the ice beast, but do no damage.
The ice beast is almost dead.
The ice beast hits you.
* * * LOW HITPOINT WARNING * * *
The ice beast freezes you!
You die... █.†h...█ █.████.█ ...█ █.█ █.███ █.██ █.█ █.h█ █.█ ██h█

█.█ █.█ █.█
█████.████████..█ █.█
█.....[.Y@......█ ██
█.███.███.████████.██
.█ █.....███.████████.█
█████..)...........██.█
..███.██........██.██.█
█.<......███.██.██>██.█
.█████████ █.██.██.██.█
██ ████.██.....█.█
█....███......█


You could see an ice beast.

Vanquished Creatures
  3 worker ants
  An orc wizard (D:3)
  12 adders
  3 gnolls (D:3)
  An ooze (D:1)
  3 worms
  6 giant geckos
  7 orcs (D:3)
  4 bat zombies (D:2)
  6 giant cockroaches
  9 goblins
  5 hobgoblins
  11 jackals
  13 kobolds
  A quokka (D:3)
  4 ball pythons (Sewer)
  9 bats
  2 giant gecko zombies (D:2)
  6 giant newts
  8 rats
  2 plants (Sewer)
116 creatures vanquished.

Vanquished Creatures (collateral kills)
  An orc (D:4)
  A giant cockroach (D:3)
  A ball python (Sewer)
3 creatures vanquished.

Vanquished Creatures (others)
  A plant (Sewer)
1 creature vanquished.

Grand Total: 120 creatures vanquished

Notes
Turn   | Place    | Note
--------------------------------------------------------------
     0 | D:1      | Goblin1989 the Demonspawn Artificer began the quest for the Orb.
     0 | D:1      | Reached XP level 1. HP: 15/15 MP: 3/3
   458 | D:1      | Gained mutation: A weak demonic guardian rushes to your aid. [demonic ancestry]
   458 | D:1      | Reached XP level 2. HP: 15/22 MP: 4/4
  1050 | D:2      | Reached XP level 3. HP: 24/29 MP: 5/5
  1567 | D:2      | Found an iron altar of Okawaru.
  1706 | D:2      | Became a worshipper of Warmaster Okawaru
  1887 | D:3      | Reached XP level 4. HP: 37/37 MP: 6/6
  1888 | D:3      | Found a glowing drain.
  1900 | D:3      | Reached skill level 4 in Fighting
  1941 | Sewer    | Entered a sewer
  2944 | Sewer    | Reached XP level 5. HP: 43/43 MP: 7/7
  3309 | Sewer    | crauler: из-за бима теперь заходишь с мыслью что кто-то есть, а там только бот
  3328 | Sewer    | crauler: все не свыкнусь
  3328 | Sewer    | Goblin1989: ну ты знай что у меня если один зритель то это накого
  3328 | Sewer    | Goblin1989: *никого
  3345 | D:3      | Goblin1989: черт
  3345 | D:3      | crauler: ну у нас у каждого своя политика насчет бима. у кого есть у кого нет
  3345 | D:3      | Goblin1989: окавару такой непривычный после тонны игр с гозагом
  3345 | D:3      | crauler: ?
  3345 | D:3      | crauler: что еда есть?
  3345 | D:3      | Goblin1989: ну и это тоже
  3345 | D:3      | crauler: хе
  3345 | D:3      | Goblin1989: но в основном я все не могу дождаться *
  3345 | D:3      | Goblin1989: когда абилка появится
  3345 | D:3      | Goblin1989: а гозаг со старта дает свою
  3345 | D:3      | Goblin1989: помогает всегда
  3426 | D:3      | Reached skill level 5 in Fighting
  3795 | D:3      | crauler: у гозага реже зато
  3805 | D:3      | crauler: ока как даст так почти всегда юзать можно
  3805 | D:3      | Goblin1989: ну у гозага блеск золота
  3805 | D:3      | Goblin1989: не забывай
  3805 | D:3      | crauler: а
  3805 | D:3      | crauler: штука полезная но я бы не сказал что на него стоит полагаться
  3805 | D:3      | crauler: без смертей не работает
  3805 | D:3      | Goblin1989: я помню как у меня один раз все эльфы в эльф 3 друг друга задомажили
  3805 | D:3      | Goblin1989: я офигел аж
  4251 | D:3      | Found a deep blue altar of Sif Muna.
  5269 | D:3      | Reached skill level 6 in Fighting
  5587 | D:4      | Gained mutation: You have sharp toenails. [demonic ancestry]
  5587 | D:4      | Reached XP level 6. HP: 13/52 MP: 8/8
  6018 | D:3      | Reached skill level 1 in Maces & Flails
  6271 | D:4      | HP: 1/52 [jackal (2)]
  6279 | D:4      | HP: 1/52 [poisoned by a worker ant]
  6559 | D:4      | Noticed an ice beast
  6574 | D:4      | Slain by an ice beast

Action                   |  1- 3 |  4- 6 || total
-------------------------+-------+-------++-------
Melee: Short sword       |   196 |   591 ||   787
       Whip              |       |    15 ||    15
       Flail             |       |    23 ||    23
 Fire: Blowgun           |       |     1 ||     1
Evoke: Wand              |     4 |    28 ||    32
  Use: Scroll            |     5 |       ||     5
       Potion            |       |     3 ||     3
  Eat: Chunk             |     3 |    15 ||    18
       Beef jerky        |       |     1 ||     1

Vault maps used:
D:1:      matt_arrival_los_fun
D:2:      serial_undead, serial_undead_e, serial_undead_b, serial_undead_c,
          serial_undead_a, okawaru_metal_pillars_1_2
D:3:      lemuel_round_altar, gup_sewer_entry_glass
D:4:      lemuel_coloured_pillars_altar, first_bread, small_statue_intersection,
          uniq_natasha, uniq_robin
Sewer:    sewer_co_scattered_pipes
